 Dungeon Crawl Stone Soup version 0.27-a0-320-g81d27af2d4 (webtiles) character file.

Game seed: 16116193528533705199

287 siradein the Slasher (level 6, -2/47 HPs)
             Began as a Demonspawn Fighter on Feb 10, 2021.
             Killed from afar by an orc wizard (4 damage)
             ... with a magic dart
             ... on level 3 of the Dungeon.
             The game lasted 00:08:37 (3210 turns).

siradein the Slasher (Demonspawn Fighter)           Turns: 3210, Time: 00:08:40

Health: -2/47      AC:  6    Str: 15 (16) XL:     6   Next: 8%
Magic:  6/6        EV:  6    Int:  7 (9)  God:
Gold:   106        SH:  8    Dex: 14 (15) Spells: 5/5 levels left

rFire    . . .     SeeInvis .   a - +0 long sword
rCold    . . .     Faith    .   c - +0 kite shield
rNeg     . . .     Spirit   .   b - +0 scale mail
rPois    .         Reflect  .   (helmet restricted)
rElec    .         Harm     .   (no cloak)
rCorr    .         Rampage  .   (no gloves)
Will     .....                  (no boots)
Stlth    ..........             (no amulet)
HPRegen  0.15/turn              (no ring)
MPRegen  0.20/turn              (no ring)

@: brilliant, flying
A: antennae 1, foul stench 1, magic regeneration
a: no special abilities


You were on level 3 of the Dungeon.
You visited 1 branch of the dungeon, and saw 3 of its levels.

You collected 106 gold pieces.

Inventory:

Hand Weapons
 a - a +0 long sword (weapon)
Armour
 b - a +0 scale mail (worn)
 c - a +0 kite shield (worn)
Scrolls
 f - 4 scrolls of teleportation {unknown}
 g - a scroll of identify {unknown}
 j - 2 scrolls of random uselessness {unknown}
 m - a scroll of immolation {unknown}
 n - 3 scrolls of magic mapping {unknown}
 o - a scroll of fear {unknown}
Potions
 d - a potion of might
 l - a potion of mutation {unknown}


   Skills:
 - Level 3.0 Fighting
 + Level 5.9 Long Blades
 - Level 2.6 Armour
 - Level 2.6 Shields


You had 5 spell levels left.
You didn't know any spells.
Your spell library was empty.

Dungeon Overview and Level Annotations

Branches:
Dungeon (3/15)

Altars:


Innate Abilities, Weirdness & Mutations

You have a pair of small antennae on your head.
You may rarely emit foul miasma when damaged in melee.
You regenerate magic rapidly.


Message History

The magic dart hits you.
* * * LOW HITPOINT WARNING * * *
The kobold throws a stone.
The stone hits you but does no damage.
You bump into the rock wall.
Something hits you but does no damage.
You bump into the rock wall.
Something hits you but does no damage.
The kobold throws a stone.
The stone hits you but does no damage.
You hear some strange, mumbled words.
A magic dart appears from out of thin air!
The magic dart hits you.
* * * LOW HITPOINT WARNING * * *
You feel better.
You hear some strange, mumbled words.
A magic dart appears from out of thin air!
The magic dart hits you!
* * * LOW HITPOINT WARNING * * *
You hit something.
Reactivating autopickup.
You feel a bit more experienced.
The kobold throws a stone.
You block the stone.
You have reached level 6!
Your experience leads to an increase in your attributes!
Increase (S)trength, (I)ntelligence, or (D)exterity?
You feel agile.
It was a potion of brilliance.
You feel clever all of a sudden. You block the kobold's attack.
You barely miss the kobold. You block the kobold's attack.
It was a potion of degeneration.
There was something very wrong with that liquid.
You feel weakened.
You feel dopey.
You feel clumsy. The kobold completely misses you.
You riposte.
You slash the kobold!
You kill the kobold!
It was a potion of flight.
You feel very buoyant.
You fly up into the air.
You hear some strange, mumbled words.
A magic dart appears from out of thin air!
Deactivating autopickup; reactivate with Ctrl-A.
The magic dart hits you.
You die...

.########### ...........#
.#########.# .# #.# .# #.#
.### #.# ...# #.# .#.#
#.######## ...# #......@.#
...# #########{# #..#
#.......#o# #..#
#.......#'########## #..#
#..................#
#..######............o÷....#
#......)'.........####'##..##
#.#######..........##.8÷##..##
#.# #.#...........##...##..##


You could see an orc.

Vanquished Creatures
  A bullfrog (D:3)
  A hound (D:2)
  An orc wizard (D:3)
  8 adders
  An ooze (D:1)
  2 worms
  3 dart slugs
  2 leopard geckos (D:1)
  13 orcs (D:3)
  A ball python (D:3)
  2 giant cockroaches (D:1)
  8 goblins
  8 hobgoblins (D:1)
  7 kobolds
  7 bats
  A frilled lizard (D:2)
  10 rats
76 creatures vanquished.

Notes
Turn   | Place    | Note
-------+----------+-------------------------------------------
     0 | D:1      | siradein the Demonspawn Fighter began the quest for the
                  | Orb.
     0 | D:1      | Reached XP level 1. HP: 18/18 MP: 1/1
    15 | D:1      | Reached skill level 2 in Long Blades
    27 | D:1      | Gained mutation: You regenerate magic rapidly. [demonic
                  | ancestry]
    27 | D:1      | Reached XP level 2. HP: 16/24 MP: 2/2
   450 | D:1      | Reached skill level 3 in Long Blades
   580 | D:1      | Reached XP level 3. HP: 18/27 MP: 3/3
  1476 | D:2      | Reached skill level 4 in Long Blades
  1476 | D:2      | Gained mutation: You may rarely emit foul miasma when
                  | damaged in melee. [demonic ancestry]
  1476 | D:2      | Reached XP level 4. HP: 12/35 MP: 4/4
  2384 | D:2      | Found a faded altar of an unknown god.
  2389 | D:2      | Gained mutation: You have a pair of small antennae on your
                  | head. [demonic ancestry]
  2389 | D:2      | Reached XP level 5. HP: 41/41 MP: 5/5
  2705 | D:3      | Reached skill level 5 in Long Blades
  3205 | D:3      | HP: 1/41 [something/magic dart (8)]
  3207 | D:3      | Reached XP level 6. HP: 1/47 MP: 6/6
  3210 | D:3      | Killed from afar by an orc wizard

Illustrated notes

Levels and vault maps discovered:
D:1:      heliophobic_arrival_henge, layout_rooms
D:2:      layout_basic, chequers_ecumenical_altar_simple, solitary_fountain,
          minmay_misc_feat_rows
D:3:      layout_basic, grunt_decor_arrowhead, tso_altar

Skill      XL: |  1  2  3  4  5 |
---------------+----------------+-----
Long Blades    | 2 3 4 5 |  5.9
Fighting       | |  3.0
Armour         | |  2.6
Shields        | |  2.6

Action                   |  1- 3 |  4- 6 || total
-------------------------+-------+-------++-------
Melee: Long sword        |   120 |   137 ||   257
  Use: Potion            |       |     5 ||     5
Armor: Scale mail        |    56 |    65 ||   121
Dodge: Dodged            |    30 |    32 ||    62
Block: Kite shield       |    56 |    66 ||   122
       Rpst.: Long sword |    13 |    11 ||    24

Table legend: (Time is in decaauts)
 A = Elapsed time spent in this place.
 B = Non-inter-level travel time spent in this place.
 C = Inter-level travel time spent in this place.
 D = Time resting spent in this place.
 E = Time spent auto-exploring this place.
 F = Levels seen in this place.
 G = Mean time per level.
                   A        B        C        D        E       F      G
               +--------+--------+--------+--------+--------+-----+--------+
         Total |   3325 |   3270 |     55 |      4 |   2552 |   3 | 1108.3 |
       Dungeon |   3325 |   3270 |     55 |      4 |   2552 |   3 | 1108.3 |
               +--------+--------+--------+--------+--------+-----+--------+

Top non-repeatable levels by time:
     D:2: 1377 daAuts
     D:1: 1156 daAuts
     D:3: 791 daAuts
